 Dungeon Crawl Stone Soup version 0.28-a0-674-gdaf460b524 (webtiles) character file.

Game seed: 10093254583314237052

3588 DarkMailMan the Thaumaturge (level 9, -7/46 (49) HPs)
             Began as a Deep Elf Ice Elementalist on Oct 17, 2021.
             Was an Initiate of Sif Muna.
             Mangled by Urug (30 damage)
             ... on level 10 of the Dungeon.
             The game lasted 00:18:32 (7237 turns).

DarkMailMan the Thaumaturge (DEIE)                  Turns: 7237, Time: 00:18:33

HP:   -7/46 (49)    AC:  8    Str:  5    XL:     9   Next: 85%
MP:   32/34         EV: 15    Int: 24    God:    Sif Muna [......]
Gold: 395           SH:  0    Dex: 18    Spells: 18/29 levels left

rFire   . . .      SeeInvis .   v - +10 war axe of Deewnan {freeze, rC- MP+9 Dex+3}
rCold   x . .      Faith    .   (no shield)
rNeg    . . .      Spirit   .   u - +0 steam dragon scales
rPois   .          Reflect  .   (no helmet)
rElec   .          Harm     .   d - +0 cloak
rCorr   .          Rampage  .   x - +0 pair of gloves
Will    .....                   h - +0 pair of boots
Stlth   +++.......              b - amulet of regeneration
HPRegen 1.15/turn               (no ring)
MPRegen 0.24/turn               (no ring)

@: drained
A: no striking features
a: Renounce Religion


You were on level 10 of the Dungeon.
You worshipped Sif Muna.
Sif Muna was noncommittal.
You visited 2 branches of the dungeon, and saw 11 of its levels.

You collected 395 gold pieces.

Inventory:

Hand Weapons
 l - a +3 vampiric short sword
 v - the +10 war axe of Deewnan (weapon) {freeze, rC- MP+9 Dex+3}
   (You found it on level 6 of the Dungeon)

   It freezes those it strikes, dealing additional cold damage.
   It can also slow down cold-blooded creatures.
   Dex:       It affects your dexterity (+3).
   rC:        It makes you vulnerable to cold.
   MP:        It affects your magic capacity (+9).
Missiles
 C - 2 throwing nets
Armour
 a - a +0 robe
 d - a +0 cloak (worn)
 h - a +0 pair of boots (worn)
 u - +0 steam dragon scales (worn)
 x - a +0 pair of gloves (worn)
Jewellery
 b - an amulet of regeneration (around neck)
 t - a ring of protection from fire
 w - a ring of resist corrosion
Wands
 D - a wand of acid (7)
 E - a wand of iceblast (8)
Scrolls
 k - 2 scrolls of teleportation
 n - a scroll of enchant weapon {unknown}
 q - a scroll of vulnerability {unknown}
 s - 2 scrolls of fog
 y - a scroll of brand weapon {unknown}
 B - a scroll of identify
Potions
 c - a potion of attraction
 e - a potion of invisibility {unknown}
 f - a potion of flight {unknown}
 g - a potion of haste
 i - 5 potions of might
 j - a potion of degeneration {unknown}
 m - 3 potions of brilliance {unknown}
 o - a potion of cancellation
 p - 2 potions of heal wounds {unknown}
 r - 3 potions of curing
 z - a potion of lignification {unknown}
 A - 2 potions of berserk rage {unknown}


   Skills:
 + Level 2.4 Fighting
 + Level 1.5 Short Blades
 + Level 3.9 Axes
 + Level 5.4 Dodging
 + Level 5.1 Stealth
 + Level 10.8 Spellcasting
 + Level 1.2 Conjurations
 + Level 10.0 Ice Magic


You had 18 spell levels left.
You knew the following spells:

 Your Spells              Type           Power      Damage    Failure   Level
a - Freeze                Ice            100%       1d11      1%          1
b - Ozocubu's Armour      Ice            57%        N/A       1%          3
c - Frozen Ramparts       Ice            100%       1d12      1%          3
d - Hailstorm             Conj/Ice       40%        3d10      4%          4

Your spell library contained the following spells:

 Spells                   Type           Power      Damage    Failure   Level
 Sting                    Tmut/Pois      52%        1d5       4%          1
 Blink                    Tloc           N/A        N/A       8%          2
 Corpse Rot               Necr/Air       26%        N/A       8%          2
 Poisonous Vapours        Pois/Air       26%        N/A       8%          2
 Dazzling Flash           Conj/Hex       32%        N/A       11%         3
 Tukima's Dance           Hex            13%        N/A       14%         3
 Metabolic Englaciation   Hex/Ice        18%        N/A       17%         5
 Olgreb's Toxic Radiance  Pois           13%        N/A       43%         4
 Passage of Golubria      Tloc           13%        N/A       43%         4
 Petrify                  Tmut/Erth      13%        N/A       43%         4
 Agony                    Necr           13%        N/A       80%         5
 Manifold Assault         Tloc           13%        N/A       80%         5
 Silence                  Hex/Air        6%         N/A       80%         5
 Yara's Violent Unravell  Hex/Tmut       6%         3d5       80%         5
 Statue Form              Tmut/Erth      8%         N/A       100%        6
 Storm Form               Tmut/Air       6%         N/A       100%        7


Dungeon Overview and Level Annotations

Branches:
Dungeon (10/15)            Temple (1/1) D:6
   Lair: D:8-11         Orc: D:9-12

Altars:
Ashenzari
Cheibriados
Dithmenos
Fedhas
Gozag
Hepliaklqana
Kikubaaqudgha
Makhleb
Nemelex Xobeh
Okawaru
Qazlal
Ru
Sif Muna
Trog
Uskayaw
Vehumet
Wu Jian
Xom
Yredelemnul
Zin
The Shining One

Shops:
D:3 !   D:4 =   D:7 *   D:9 *

Annotations:
D:10 Urug


Message History

Unknown command.
Casting: Freeze (safe; 1% risk of failure)
Confirm with . or Enter, or press ? or * to list all spells.
You can't see any susceptible monsters within range! (Use Z to cast anyway.) Unknown command.
Your icy armour cracks and falls away as you move.
Found a stone staircase leading down.
Items here: ))) [[[ †.
Found 11 gold pieces.
You now have 384 gold pieces (gained 15).
You pick up Great Wizards, Vol.
VII and begin reading...
You add the spells Tukima's Dance, Passage of Golubria and Yara's Violent Unravelling to your library.
You now have 395 gold pieces (gained 11).
m - 3 emerald potions (gained 1)
There is a stone staircase leading down here.
You climb downwards.
Found 6 gold pieces.
There is a stone staircase leading up here.
Urug the Orcish Ballista comes into view.
She is wielding a +5 scimitar of draining.
Casting: Freeze (safe; 1% risk of failure)
Confirm with . or Enter, or press ? or * to list all spells.
Aiming: Freeze (safe; 1% risk of failure)
Press: ? - help, Shift-Dir - straight line, f - Urug
Aim: Urug, wielding a +5 scimitar of draining, wearing a +0 ring mail and quivering javelins (asleep)
You freeze Urug.
Urug shouts!
Urug is lightly wounded.
Urug screams, "Payback for my eye!"
Urug hits you with a +5 scimitar of draining!!
You feel drained.
Casting: Freeze (safe; 1% risk of failure)
Confirm with . or Enter, or press ? or * to list all spells.
Aiming: Freeze (safe; 1% risk of failure)
Press: ? - help, Shift-Dir - straight line, f/p - Urug
Aim: Urug, wielding a +5 scimitar of draining, wearing a +0 ring mail and quivering javelins (lightly wounded)
You freeze Urug.
Urug is lightly wounded.
Urug hits you with a +5 scimitar of draining!!
Ouch! That really hurt!
You die...

.# .# #.#.#..# #.#.#..#
........ ###.#.#..#
..... ..# #
.#.##########$####.###.#
......o@................
...................<#
....#########.#######
.#. #.# #.. ####


You could see Urug.

Vanquished Creatures
  Pikel (D:6)
  A shadow (D:6)
  4 yaks (D:7)
  A steam dragon (D:6)
  4 water moccasins
  2 black bears
  2 orc warriors (D:9)
  A sky beast (D:6)
  2 centaurs
  2 necrophages (D:6)
  A bullfrog (D:6)
  6 scorpions
  2 howler monkeys (D:6)
  A centaur zombie (D:7)
  A jelly (D:7)
  A centaur skeleton (D:5)
  A gnoll shaman (D:9)
  2 orc priests
  3 hounds (D:7)
  An iguana (D:5)
  6 orc wizards
  3 gnolls (D:9)
  An adder (D:4)
  A shadow imp (D:6)
  A worm (D:4)
  2 dart slugs
  28 orcs
  5 endoplasms
  2 giant cockroaches
  10 goblins
  9 hobgoblins
  5 jackals
  5 kobolds (D:1)
  2 ball pythons
  3 bats (D:3)
  2 frilled lizards (D:3)
  5 rats (D:1)
129 creatures vanquished.

Notes
Turn   | Place    | Note
-------+----------+-------------------------------------------
     0 | D:1      | DarkMailMan the Deep Elf Ice Elementalist began the quest
                  | for the Orb.
     0 | D:1      | Reached XP level 1. HP: 10/10 MP: 6/6
   263 | D:1      | Reached XP level 2. HP: 13/15 MP: 4/8
  1041 | D:1      | Reached skill level 5 in Ice Magic
  1395 | D:2      | Found a faded altar of an unknown god.
  1546 | D:2      | Reached XP level 3. HP: 19/19 MP: 7/9
  1792 | D:3      | Learned a level 3 spell: Ozocubu's Armour
  1851 | D:3      | Found a broken altar of Ashenzari.
  2068 | D:3      | Found Ivya's Distillery.
  2860 | D:4      | Noticed a scorpion
  2860 | D:4      | Noticed a black bear
  3077 | D:4      | Noticed a scorpion
  3231 | D:4      | Killed a scorpion
  3232 | D:4      | Reached XP level 4. HP: 21/24 MP: 9/12
  3236 | D:4      | Learned a level 3 spell: Frozen Ramparts
  3384 | D:4      | Noticed a scorpion
  3391 | D:4      | Killed a scorpion
  3392 | D:4      | Reached XP level 5. HP: 27/28 MP: 2/14
  3414 | D:4      | Reached skill level 5 in Spellcasting
  3562 | D:4      | Killed a black bear
  3563 | D:4      | Reached XP level 6. HP: 21/32 MP: 4/17
  3739 | D:4      | Found Suun's Jewellery Shop.
  3934 | D:4      | Found a shadowy altar of Dithmenos.
  3979 | D:5      | Entered Level 5 of the Dungeon
  4441 | D:6      | Reached XP level 7. HP: 37/37 MP: 8/19
  4616 | D:6      | Noticed a steam dragon
  4635 | D:6      | Killed a steam dragon
  4685 | D:6      | Noticed Pikel
  4691 | D:6      | Killed Pikel
  4692 | D:6      | Reached skill level 1 in Fighting
  4692 | D:6      | Reached skill level 1 in Short Blades
  4692 | D:6      | Reached XP level 8. HP: 22/43 MP: 5/23
  4740 | D:6      | Identified the +10 war axe of Deewnan {freeze, rC- MP+9
                  | Dex+3}
  4752 | D:6      | Found an opulent altar of Gozag.
  4860 | D:6      | Learned a level 4 spell: Hailstorm
  4938 | D:6      | Found a staircase to the Ecumenical Temple.
  4973 | D:6      | Reached skill level 1 in Axes
  5469 | D:7      | Reached skill level 10 in Spellcasting
  5469 | D:7      | Reached XP level 9. HP: 47/47 MP: 9/25
  5474 | D:7      | Reached skill level 1 in Conjurations
  5846 | D:7      | Reached skill level 5 in Dodging
  5883 | D:7      | Reached skill level 10 in Ice Magic
  6055 | D:7      | Found Qetziaz's Neck Hole.
  6614 | Temple   | Entered the Ecumenical Temple
  6806 | Temple   | Became a worshipper of Sif Muna the Loreminder
  6894 | D:9      | Found Miesch's General Store.
  6929 | D:9      | Found an ornate altar of the Wu Jian Council.
  7065 | D:9      | Found a radiant altar of Vehumet.
  7161 | D:9      | Reached skill level 5 in Stealth
  7220 | D:10     | Entered Level 10 of the Dungeon
  7226 | D:10     | Noticed Urug
  7237 | D:10     | Mangled by Urug

Illustrated notes

Levels and vault maps discovered:
D:1:      dpeg_arrival_fog, layout_basic, minmay_tromino_mix6
D:2:      layout_basic, hellmonk_ecumenical_altar_pennies_from_heaven,
          minmay_tree_intersection, chequers_serial_rivers_room_b
D:3:      layout_basic, lemuel_coloured_pillars_altar, serial_shops,
          nicolae_shop_temple_entry_statues_fountains, kennysheep_generic_room_7
D:4:      layout_cave_pools, mainiacjoe_overflow_alcove_2, serial_shops,
          kennysheep_little_box
D:5:      layout_rooms, small_statue_intersection
D:6:      layout_basic, nicolae_gozag_seed_capital, minmay_temple_entry_wispy,
          uniq_pikel
D:7:      layout_loops_corners, nicolae_shop_sticking_my_neck_out
D:8:      layout_loops_ring, david_lair_generic, enter_bailey_3
D:9:      layout_roguey, mainiacjoe_overflow_catwalk, nzn_wu_jian_contemplation,
          serial_shops, nicolae_shop_stone
D:10:     layout_basic, lemuel_doored_altar, david_orc_3,
          small_statue_intersection, uniq_harold, uniq_urug
Temple:   nicolae_temple_elliptical

Skill      XL: |  1  2  3  4  5  6  7  8  9 |
---------------+----------------------------+-----
Ice Magic      | 5 6 7 8 9 10 | 10.0
Stealth        | 3 5 |  5.1
Spellcasting   | 4 6 9 10 | 10.8
Dodging        | 3 4 5 |  5.4
Fighting       | 1 2 |  2.4
Short Blades   | 1 |  1.5
Axes           | 1 3 |  3.9
Conjurations   | 1 |  1.2

Action                   |  1- 3 |  4- 6 |  7- 9 || total
-------------------------+-------+-------+-------++-------
Melee: Unarmed           |     6 |       |       ||     6
       Short sword       |     1 |    24 |    21 ||    46
       War axe           |       |       |   106 ||   106
 Cast: Freeze            |    66 |    53 |    71 ||   190
       Ozocubu's Armour  |     4 |     3 |     7 ||    14
       Frozen Ramparts   |       |     1 |     1 ||     2
       Hailstorm         |       |       |     6 ||     6
  Use: Scroll            |     1 |       |     8 ||     9
 Stab: Sleeping          |       |       |     6 ||     6
Armor: Robe              |    10 |    30 |    19 ||    59
       Steam dragon scal |       |       |    40 ||    40
Dodge: Dodged            |    38 |    51 |   181 ||   270

Table legend: (Time is in decaauts)
 A = Elapsed time spent in this place.
 B = Non-inter-level travel time spent in this place.
 C = Inter-level travel time spent in this place.
 D = Time resting spent in this place.
 E = Time spent auto-exploring this place.
 F = Levels seen in this place.
 G = Mean time per level.
                   A        B        C        D        E       F      G
               +--------+--------+--------+--------+--------+-----+--------+
         Total |   7285 |   6858 |    427 |    340 |   4868 |  11 |  662.3 |
       Dungeon |   7064 |   6666 |    398 |    340 |   4771 |  10 |  706.4 |
        Temple |    220 |    192 |     28 |      0 |     97 |   1 |  220.0 |
               +--------+--------+--------+--------+--------+-----+--------+

Top non-repeatable levels by time:
     D:3: 1396 daAuts
     D:7: 1174 daAuts
     D:6: 1127 daAuts
     D:1: 1110 daAuts
     D:4: 926 daAuts
     D:2: 549 daAuts
     D:5: 425 daAuts
     D:9: 334 daAuts
  Temple: 220 daAuts
    D:10: 16 daAuts
     D:8: 2 daAuts
